 Seeded DCSS version 0.29.1-15-g9cfb28693d (webtiles) character file.

Game seed: 12113030075061518348 (custom seed)

182 Gelion the Conjurer (level 5, -5/38 HPs)
             Began as a Demonspawn Conjurer on Mar 11, 2023.
             Killed from afar by Sigmund (6 damage)
             ... with a magic dart
             ... on level 4 of the Dungeon.
             The game lasted 00:06:21 (2955 turns).

Gelion the Conjurer (Demonspawn Conjurer)           Turns: 2955, Time: 00:06:22

Health: -5/38      AC:  6    Str:  7    XL:     5   Next: 34%
Magic:  2/9        EV: 12    Int: 22    God:
Gold:   192        SH:  0    Dex: 11    Spells: 7/10 levels left

rFire   . . .      SeeInvis .   i - staff of conjuration
rCold   . . .      Faith    .   (no shield)
rNeg    . . .      Spirit   .   a - +0 robe
rPois   .          Reflect  .   p - +0 helmet
rElec   .          Harm     .   (no cloak)
rCorr   .          Rampage  .   (no gloves)
Will    .....                   (no boots)
Stlth   ++........              (no amulet)
HPRegen 0.12/turn               (no ring)
MPRegen 0.11/turn               (no ring)

@: no status effects
A: thin metallic scales 2, demonic touch 1
a: no special abilities


You were on level 4 of the Dungeon.
You visited 1 branch of the dungeon, and saw 4 of its levels.

You collected 192 gold pieces.

Inventory:

Missiles
 k - 6 datura-tipped darts
 n - 4 javelins
Armour
 a - a +0 robe (worn)
 p - a +0 helmet (worn)
Magical Staves
 i - a staff of conjuration (weapon)
Scrolls
 d - 3 scrolls of teleportation {unknown}
 e - a scroll of magic mapping {unknown}
 l - a scroll of blinking {unknown}
 m - a scroll of enchant weapon {unknown}
 o - a scroll of enchant armour {unknown}
Potions
 b - a potion of magic
 c - 2 potions of lignification {unknown}
 f - a potion of might {unknown}
 g - 2 potions of flight {unknown}
 h - 2 potions of curing {unknown}
 j - a potion of resistance {unknown}


   Skills:
 + Level 2.1 Fighting
 + Level 1.2 Staves
 - Level 1.7 Dodging
 - Level 1.7 Stealth
 + Level 3.0 Spellcasting
 * Level 5.3 Conjurations


You had 7 spell levels left.
You knew the following spells:

 Your Spells              Type           Power      Damage    Failure   Level
a - Magic Dart            Conj           100%       1d8       1%          1
b - Searing Ray           Conj           80%        2d7       1%          2

Your spell library contained the following spells:

 Spells                   Type           Power      Damage    Failure   Level
 Dazzling Flash           Conj/Hex       44%        N/A       12%         3
 Frozen Ramparts          Ice            6%         1d1       36%         3
 Fulminant Prism          Conj/Hex       11%        3d9       38%         4
 Iskenderun's Mystic Bla  Conj/Tloc      22%        2d6       38%         4
 Ice Form                 Ice/Tmut       3%         N/A       77%         4
 Summon Ice Beast         Ice/Summ       3%         N/A       77%         4


Dungeon Overview and Level Annotations

Branches:
Dungeon (4/15)
 Temple: D:4-7

Altars:

Annotations:
D:4 Sigmund


Innate Abilities, Weirdness & Mutations

You are mostly covered in thin metallic scales. (AC +3)
Your touch may inflict minor irresistible damage on your foes.


Message History

Aim: Sigmund, wielding a +0 scythe of holy wrath and wearing a +2 robe of willpower (lightly wounded, 80% to hit)
You feel a surge of power!
The searing ray hits Sigmund.
Sigmund is heavily wounded. (Press . to maintain the ray.)
The searing ray hits Sigmund.
Sigmund is heavily wounded.
The searing ray hits Sigmund.
Sigmund is severely wounded.
Sigmund casts a spell at you. The magic dart hits you!
The searing ray misses Sigmund.
You finish channelling your searing ray.
Sigmund hits you from afar with a +0 scythe of holy wrath.
You convulse.
Casting: Searing Ray (safe; 1% risk of failure)
Confirm with . or Enter, or press ? or * to list all spells.
Aiming: Searing Ray (safe; 1% risk of failure)
Press: ? - help, Shift-Dir - straight line, f/p - Sigmund
Aim: Sigmund, wielding a +0 scythe of holy wrath and wearing a +2 robe of willpower (severely wounded, 80% to hit)
You feel a surge of power!
The searing ray misses Sigmund. (Press . to maintain the ray.) Sigmund barely misses you.
The searing ray hits Sigmund.
Sigmund is almost dead.
Without enough magic to sustain it, your searing ray dissipates.
Sigmund gestures at you while chanting. The magic dart hits you!
* * * LOW HITPOINT WARNING * * *
Sigmund mumbles some strange words.
Sigmund flickers and vanishes!
Deactivating autopickup; reactivate with Ctrl-A.
A puff of flame appears from out of thin air!
The puff of flame hits you but does no damage.
There is an open door here.
A magic dart appears from out of thin air!
The magic dart hits you.
* * * LOW HITPOINT WARNING * * *
A magic dart appears from out of thin air!
The magic dart hits you.
You die...

....... #....#
...... #....# .....
#....+ .... #....#
$.. #....##### ..
#.^...#..##########.
#.....#)..........#.
#<.@..'..{........'.
#.....#...........#.
#######...........##
#..##...##..#
##..##)..#####
#...#........#
#...'........##
#...#.........#
#...#.........#


There were no monsters in sight!

Vanquished Creatures
  Terence (D:3)
  Robin (D:4)
  4 gnolls (D:3)
  3 adders (D:2)
  A dart slug (D:2)
  2 orcs
  6 ball pythons
  7 bats
  6 endoplasms
  4 giant cockroaches
  16 goblins
  9 hobgoblins
  4 quokkas
  4 frilled lizards
  4 kobolds
  A rat (D:3)
73 creatures vanquished.

Vanquished Creatures (others)
  A plant (D:3)
1 creature vanquished.

Grand Total: 74 creatures vanquished

Notes
Turn   | Place    | Note
-------+----------+-------------------------------------------
     0 | D:1      | Gelion the Demonspawn Conjurer began the quest for the Orb.
     0 | D:1      | Reached XP level 1. HP: 13/13 MP: 3/3
   337 | D:1      | Gained mutation: You are partially covered in thin metallic
                  | scales. (AC +2) [demonic ancestry]
   337 | D:1      | Reached XP level 2. HP: 20/20 MP: 0/5
   647 | D:1      | Reached skill level 1 in Fighting
   752 | D:1      | Gained mutation: You are mostly covered in thin metallic
                  | scales. (AC +3) [demonic ancestry]
   752 | D:1      | Reached XP level 3. HP: 20/26 MP: 0/6
   828 | D:1      | Found a faded altar of an unknown god.
  1128 | D:3      | Identified a scroll of acquirement
  1128 | D:3      | Acquired a staff of conjuration
  1169 | D:3      | Learned a level 2 spell: Searing Ray
  1414 | D:2      | Gained mutation: Your touch may inflict minor irresistible
                  | damage on your foes. [demonic ancestry]
  1414 | D:2      | Reached XP level 4. HP: 32/32 MP: 2/7
  1734 | D:2      | Reached skill level 5 in Conjurations
  1927 | D:3      | Noticed Terence
  1932 | D:3      | Killed Terence
  2102 | D:3      | Reached skill level 1 in Staves
  2119 | D:3      | Reached XP level 5. HP: 38/38 MP: 3/9
  2752 | D:4      | Noticed Robin
  2763 | D:4      | Killed Robin
  2928 | D:4      | Noticed Sigmund
  2953 | D:4      | HP: 1/38 [something/magic dart (3)]
  2955 | D:4      | Killed from afar by Sigmund

Illustrated notes

Levels and vault maps discovered:
D:1:      amcnicky_arrival_flooded_fountain, layout_rooms,
          shapermc_ecumenical_altar_venn
D:2:      layout_basic, basic_altar
D:3:      layout_rooms, serial_bayou, serial_bayou_lake_a, serial_bayou_pond_b,
          serial_bayou_pond_e, serial_bayou_pond_c, serial_bayou_crossing,
          uniq_terence
D:4:      minmay_door_path, layout_gridville, uniq_sigmund, uniq_robin

Skill      XL: |  1  2  3  4  5 |
---------------+----------------+-----
Fighting       | 1 2 |  2.1
Conjurations   | 5 |  5.3
Staves         | 1 |  1.2
Spellcasting   | 3 |  3.0
Dodging        | |  1.7
Stealth        | |  1.7

Action                   |  1- 3 |  4- 6 || total
-------------------------+-------+-------++-------
Melee: Dagger            |    13 |       ||    13
       Staff             |       |    20 ||    20
       Touch             |       |     2 ||     2
       Punch             |       |     1 ||     1
 Cast: Magic Dart        |    72 |    51 ||   123
       Searing Ray       |     1 |     4 ||     5
  Use: Scroll            |     1 |       ||     1
Armor: Robe              |     1 |    10 ||    11
Dodge: Dodged            |    15 |    32 ||    47
